 Dungeon Crawl Stone Soup version 0.18-a0-822-gb52b7b4 (webtiles) character file.

57572 Raultor the Martial Artist (level 14, -6/120 (122) HPs)
             Began as a Mottled Draconian Monk on Dec 16, 2015.
             Was a High Priest of the Shining One.
             Mangled by a death ooze (25 damage)
             ... on level 1 of the Pits of Slime.
             The game lasted 01:43:32 (21022 turns).

Raultor the Martial Artist (DrMo)                  Turns: 21022, Time: 01:43:33

HP:   -6/120 (122)  AC: 14    Str: 14    XL:     14   Next: 46%
MP:   22/26         EV: 15    Int: 10    God:    the Shining One [*****.]
Gold: 1088          SH:  0    Dex: 17    Spells: 3 memorised, 16 levels left

rFire  + . .     SeeInvis .       - Unarmed
rCold  + + .     Gourm    .     (armour unavailable)
rNeg   + + .     Faith    .     (shield currently unavailable)
rPois  .         Spirit   .     (helmet restricted)
rElec  .         Dismiss  .     C - +0 cloak {rF+}
rCorr  +         Reflect  .     (gloves currently unavailable)
SustAt .         Harm     .     W - +1 pair of boots
MR     +....                    m - amulet of resist corrosion {rCorr, !d}
Stlth  +.........               U - ring "Xuonai" {rC++ Int-2 Slay+3 Stlth+}
                                G - +3 ring of protection

@: blade hands, glowing, drained, somewhat resistant to hostile enchantments,
very unstealthy
A: breathe sticky flame splash, unfitting armour, cold-blooded, AC +8
a: Breathe Sticky Flame, End Transformation, Divine Shield, Cleansing Flame,
Summon Divine Warrior, Renounce Religion


You were on level 1 of the Pits of Slime.
You worshipped the Shining One.
The Shining One was extremely pleased with you.
You were very hungry.
You had blades for hands.
You visited 4 branches of the dungeon, and saw 21 of its levels.
You also visited: Sewer, Bailey and Volcano.

You collected 1438 gold pieces.
You spent 350 gold pieces at shops.

Inventory:

Missiles
 u - a throwing net (quivered) {=f, !d}
Armour
 x - a +0 pair of gloves (melded)
   (You found it on level 1 of the Lair of Beasts)
 C - a +0 cloak of fire resistance (worn)
   (You found it in a volcano)
 W - a +1 pair of boots (worn)
   (You found it on level 8 of the Lair of Beasts)
Magical Staves
 a - an uncursed staff of wizardry (melded) {wiz+}
   (You found it on level 4 of the Lair of Beasts)
Jewellery
 c - an uncursed amulet of regeneration {+regen, !d}
   (You found it on level 1 of the Dungeon)
 m - an amulet of resist corrosion (around neck) {rCorr, !d}
   (You found it on level 2 of the Dungeon)
 G - a +3 ring of protection (left scythe-like blade)
   (You found it on level 9 of the Dungeon)
 U - the ring "Xuonai" (right scythe-like blade) {rC++ Int-2 Slay+3 Stlth+}
   (You found it on level 8 of the Lair of Beasts)

   [ring of stealth]

   It affects your intelligence (-2).
   It affects your accuracy and damage with ranged weapons and melee attacks
   (+3).
   It greatly protects you from cold.
   It makes you more stealthy.
 V - the amulet of the Present {*Drain +Rage rC+ MR+ Int+4}
   (You found it on level 8 of the Lair of Beasts)

   [amulet of rage]

   It affects your intelligence (+4).
   It protects you from cold.
   It affects your resistance to hostile enchantments.
   It lets you go berserk.
   It causes draining when unequipped.
Wands
 k - a wand of fireball (4)
   (You found it on level 2 of the Lair of Beasts)
 v - a wand of fire (11)
   (You found it on level 7 of the Dungeon)
 F - a wand of confusion (48)
   (You found it on level 11 of the Dungeon)
Scrolls
 b - 2 scrolls of identify
 e - a scroll of immolation {!r}
 g - 6 scrolls of teleportation
 h - 5 scrolls of recharging
 j - 4 scrolls of remove curse
 p - a scroll of blinking {!r}
 s - 3 scrolls of amnesia
 y - 2 scrolls of fog
 D - 5 scrolls of summoning
 E - 2 scrolls of enchant armour
 S - 2 scrolls of magic mapping {!r}
Potions
 i - 5 potions of poison {unknown}
 q - a potion of cure mutation {!q}
 r - a potion of flight
 w - 8 potions of curing
 H - a potion of invisibility
 M - 4 potions of berserk rage {!q}
 N - 4 potions of resistance
 Q - 2 potions of might
 T - a potion of agility
Books
 t - a book of Fire
   (You found it on level 1 of the Lair of Beasts)
 B - a book of Cantrips
   (You found it on level 1 of the Lair of Beasts)
 I - a book of the Dragon
   (You found it on level 10 of the Dungeon)
 J - a book of Annihilations
   (You found it on level 9 of the Dungeon)
 K - a book of Changes
   (You bought it in a shop on level 6 of the Dungeon)
 O - a book of Callings
   (You found it on level 6 of the Dungeon)
 R - a Necronomicon
   (You found it on level 2 of the Lair of Beasts)
Miscellaneous
 P - an ornate deck of defence {drawn: 2}
   (You found it on level 10 of the Dungeon)
Comestibles
 l - 9 meat rations {@e2}
 n - a slice of pizza
 o - 19 fruits
 z - 5 beef jerkies
 A - 12 royal jellies
 L - 5 bread rations {@e1}


   Skills:
 - Level 10.3 Fighting
 + Level 11.0 Dodging
 - Level 1.7 Stealth
 + Level 13.8 Unarmed Combat
 + Level 8.1 Spellcasting
 + Level 13.1 Transmutations
 - Level 3.8 Evocations


You had 16 spell levels left.
You knew the following spells:

 Your Spells              Type           Power        Failure   Level  Hunger
a - Dragon Form           Trmt           ####......   96%         7    #######
b - Beastly Appendage     Trmt           ####..       8%          1    None
x - Blade Hands           Trmt           ####......   21%         5    ######.


Dungeon Overview and Level Annotations

Branches:
Dungeon (11/15)            Temple (1/1) D:7            Lair (8/8) D:11
 Shoals (0/4) Lair:4       Spider (0/4) Lair:3        Slime (1/6) Lair:8
    Orc (0/2) D:10

Altars:
Ashenzari
Cheibriados
Dithmenos
Elyvilon
Fedhas
Gozag
Kikubaaqudgha
Makhleb
Nemelex Xobeh
Okawaru
Pakellas
Qazlal
Ru
Sif Muna
Trog
Vehumet
Xom
Yredelemnul
Zin
The Shining One

Shops:
D:6 :   D:10 (

Annotations:
D:9 exclusion: 2 electric eels
Lair:6 exclusion: Nessos, Nessos


Innate Abilities, Weirdness & Mutations

You can spit globs of burning liquid.
You can ignite nearby creatures when you spit burning liquid.
Your weird mottled scales are hard (AC +8).
Your body does not fit into most forms of armour.
You are cold-blooded and may be slowed by cold attacks.


Message History

You take 4 damage, and have 118/122 hp.
The oklob plant spits acid at you. The splash of acid hits you! You resist.
The acid burns!
You resist.
You take 6 damage, and have 112/122 hp.
The oklob plant spits acid at you. The splash of acid misses you.
Your hands turn into razor-sharp scythe blades.
Your uncursed staff of wizardry {wiz+} melds into your body.
Your +0 pair of gloves melds into your body.
The wolf howls!
You are feeling hungry.
You now have 21/26 mp.
You hit the oklob plant but do no damage.
The oklob plant spits acid at you. The splash of acid hits you!
The acid burns!
You resist.
You take 4 damage, and have 109/122 hp.
You slice the oklob plant!! The wolf completely misses you.
You slash the oklob plant! The oklob plant spits acid at you.
The splash of acid hits you!
The acid burns!
You resist. The wolf closely misses you.
You take 7 damage, and have 102/122 hp.
You hit the oklob plant. The wolf barely misses you.
You slash the oklob plant!
You destroy the oklob plant!
The wolf misses you. The wolf bites you.
You take 3 damage, and have 99/122 hp.
You slice the wolf!! The wolf bites you but does no damage.
You slice the wolf!!
You kill the wolf!
D - 5 scrolls of summoning (gained 3)
You now have 1088 gold pieces (gained 20).
There is a staircase to the Slime Pits here.
You start resting.
Your transformation is almost over.
MP restored: 26 You climb downwards.
Welcome to the Pits of Slime!
This branch contains the slimy rune of Zot. 2 slime creatures and an eye of draining come into view.
The eye of draining turns its gaze towards you.
The slime creature quivers. x2
There is a staircase back to the Lair here.
You slash the eye of draining! You slice the eye of draining!!
You kill the eye of draining!
A slime creature comes into view.
You hit the slime creature.
The slime creature hits you but does no damage.
You slash the slime creature! You tail-slap the slime creature.
You slash the slime creature!! You slice the slime creature!!
The slime creature hits you! The slime creature closely misses you.
You take 7 damage, and have 100/122 hp.
You hit the slime creature. You tail-slap the slime creature.
You kill the slime creature!
You slice the slime creature!! The slime creature hits you.
You take 4 damage, and have 96/122 hp.
You slice the slime creature!! You tail-slap the slime creature.
The slime creature hits you.
A death ooze comes into view.
You take 2 damage, and have 94/122 hp.
You hit the slime creature.
You kill the slime creature!
Your hands revert to their normal proportions.
Your uncursed staff of wizardry {wiz+} unmelds from your body.
Your +0 pair of gloves unmelds from your body.
The slime creature misses you.
You hit the slime creature.
The slime creature hits you but does no damage.
Your hands turn into razor-sharp scythe blades.
Your uncursed staff of wizardry {wiz+} melds into your body.
Your +0 pair of gloves melds into your body.
You are feeling very hungry.
The slime creature hits you!
You take 10 damage, and have 84/122 hp.
You now have 21/26 mp.
You hit the slime creature.
The slime creature completely misses you.
You shred the slime creature!!! You tail-slap the slime creature.
The slime creature hits you but does no damage.
You shred the slime creature!!!
You kill the slime creature!
The death ooze hits you!
Your flesh rots away!
Your flesh rots away!
The death ooze hits you.
You take 17 damage, and have 67/120 hp.
You are too injured to fight recklessly!
You hit the death ooze but do no damage.
You tail-slap the death ooze. The death ooze hits you!
The death ooze hits you!!
* * * LOW HITPOINT WARNING * * *
You take 38 damage, and have 29/120 hp.
MASSIVE DAMAGE!!
The death ooze hits you.
* * * LOW HITPOINT WARNING * * *
The death ooze hits you.
* * * LOW HITPOINT WARNING * * *
There is a staircase back to the Lair here.
You take 10 damage, and have 19/120 hp.
The death ooze hits you!!
You die...

.....#. ##.....
. . #.....# ..
.. ..... ... ...
##...## ...#
.#..#.....#.....
................
.......@........
......J.........
....#.....#.....
... ##...## #...
. ..... ..
......# .
......##
.....###


You could see a death ooze.

Vanquished Creatures
  Snorg (Lair:5)
  The ghost of Scytalen the Destroyer, a journeyman DrFE of Qazlal (D:11)
  Harold (D:10)
  8 hydras
  The ghost of crawlian the Geomancer, a novice DEEE of Vehumet (Lair:1)
  3 hill giants (D:10)
  A deep elf mage (D:11)
  A griffon (Lair:3)
  A cyclops (D:11)
  6 oklob plants (Lair:8)
  A guardian serpent (D:11)
  3 elephants (Lair:8)
  2 black mambas
  A siren (Lair:4)
  A manticore (Lair:4)
  A molten gargoyle (Volcano)
  A torpor snail (Lair:6)
  11 spiny frogs
  4 komodo dragons
  4 fire drakes
  A queen bee (Lair:4)
  2 spriggan druids (Lair:8)
  3 merfolk (Lair:4)
  A jumping spider (Lair:3)
  3 slime creatures (Slime:1)
  12 polar bears
  6 trolls
  2 two-headed ogres (D:9)
  2 boulder beetles (Lair:4)
  15 blink frogs
  44 yaks
  2 redbacks (Lair:8)
  9 spriggans
  A shadow (D:11)
  4 trapdoor spiders (Lair:3)
  A basilisk (Lair:4)
  Sigmund (D:4)
  3 fire elementals (Volcano)
  3 fire bats (Lair:3)
  A wyvern (Lair:3)
  4 hippogriffs
  A hungry ghost (D:10)
  26 wolves
  12 water moccasins
  6 black bears (Lair:8)
  15 porcupines
  A phantom (D:10)
  3 ice beasts
  4 orc warriors
  8 ogres
  An eye of draining (Slime:1)
  A necrophage (D:9)
  5 wasps
  7 centaurs
  2 sky beasts
  16 crocodiles
  3 big kobolds (D:10)
  Blork the orc (D:7)
  15 giant frogs
  3 gnoll sergeants (D:10)
  3 wyvern skeletons
  20 killer bees
  The ghost of Raultor the Ruffian, a weakling DrMo (D:3)
  2 scorpions
  2 electric eels
  4 wights (D:10)
  4 crimson imps
  3 vampire bats (D:3)
  2 giant frog zombies
  A centaur zombie (D:6)
  3 orc priests
  A wasp zombie (D:7)
  6 hounds
  A centaur skeleton (D:8)
  3 giant frog skeletons
  7 iguanas
  8 orc wizards
  43 sheep
  5 worker ants
  A worker ant zombie (D:6)
  14 adders
  8 gnolls
  31 river rats
  2 shadow imps
  9 oozes
  5 worms
  3 adder skeletons
  18 giant geckos
  49 orcs
  3 bat skeletons (D:3)
  3 bat zombies (D:3)
  12 giant cockroaches
  5 hobgoblins
  4 jackals (D:5)
  6 kobolds
  6 quokkas
  12 ball pythons
  8 bats
  12 giant newts
  11 goblins
  A quokka skeleton (D:7)
  12 rats
  A butterfly (D:7)
658 creatures vanquished.

Vanquished Creatures (others)
  A bush (D:11)
  8 fungi
  15 plants
24 creatures vanquished.

Grand Total: 682 creatures vanquished

Notes
Turn   | Place    | Note
--------------------------------------------------------------
     0 | D:1      | Raultor the Draconian Monk began the quest for the Orb.
     0 | D:1      | Reached XP level 1. HP: 19/19 MP: 1/1
   162 | D:1      | Reached skill level 3 in Dodging
   193 | D:1      | HP: 3/19 [hobgoblin/club (2)]
   194 | D:1      | Reached XP level 2. HP: 4/26 MP: 2/2
  1007 | D:2      | Reached XP level 3. HP: 15/31 MP: 3/3
  1104 | D:2      | Found a deep blue altar of Sif Muna.
  1517 | D:3      | Noticed Raultor's ghost (weakling DrMo)
  1674 | D:4      | Reached XP level 4. HP: 31/40 MP: 4/4
  1733 | D:3      | Reached skill level 4 in Fighting
  1884 | D:3      | Reached skill level 5 in Unarmed Combat
  1968 | D:3      | Reached XP level 5. HP: 40/46 MP: 5/5
  1983 | D:3      | Found a glowing drain.
  1991 | Sewer    | Entered a sewer
  2378 | Sewer    | Reached skill level 4 in Dodging
  2378 | Sewer    | Reached XP level 6. HP: 39/55 MP: 6/6
  2589 | D:3      | Reached skill level 5 in Fighting
  2651 | D:3      | Reached skill level 6 in Unarmed Combat
  2790 | D:3      | Found an ancient bone altar of Kikubaaqudgha.
  2830 | D:3      | Killed Raultor's ghost
  2855 | D:3      | Your scales start taking on a weird mottled colour.
  2855 | D:3      | Reached XP level 7. HP: 61/61 MP: 7/7
  3204 | D:4      | Found a snail-covered altar of Cheibriados.
  3456 | D:4      | Found an oddly glowing altar of Pakellas.
  3477 | D:4      | Noticed Sigmund
  3656 | D:4      | Killed Sigmund
  3850 | D:5      | Entered Level 5 of the Dungeon
  3938 | D:5      | Reached skill level 7 in Unarmed Combat
  3967 | D:5      | Found a glowing golden altar of the Shining One.
  4019 | D:5      | Reached skill level 5 in Dodging
  4086 | D:5      | Became a worshipper of the Shining One
  4086 | D:5      | Reached * piety under the Shining One
  4086 | D:5      | Reached ** piety under the Shining One
  4331 | D:5      | Reached skill level 6 in Fighting
  4472 | D:5      | Reached XP level 8. HP: 45/70 MP: 8/8
  5007 | D:6      | Reached skill level 8 in Unarmed Combat
  5166 | D:6      | Found Xukhlats's Book Boutique.
  5181 | D:6      | Noticed a troll
  5182 | D:6      | Noticed Blork the orc
  5206 | D:7      | Killed Blork the orc
  5263 | D:7      | Found a staircase to the Ecumenical Temple.
  5280 | Temple   | Entered the Ecumenical Temple
  5567 | D:7      | Found an opulent altar of Gozag.
  5567 | D:7      | Found a glowing silver altar of Zin.
  5577 | D:7      | Reached skill level 7 in Fighting
  5577 | D:7      | Reached skill level 6 in Dodging
  5577 | D:7      | Reached skill level 9 in Unarmed Combat
  5774 | D:7      | Found a flagged portal.
  5797 | D:7      | Reached XP level 9. HP: 69/79 MP: 9/9
  5853 | Bailey   | Entered a bailey
  6032 | D:7      | Reached *** piety under the Shining One
  6401 | D:8      | Found a blossoming altar of Fedhas.
  6564 | D:8      | Found a shattered altar of Ashenzari.
  6668 | D:8      | Found a bloodstained altar of Trog.
  6668 | D:8      | Found a sacrificial altar of Ru.
  6730 | D:9      | Reached skill level 8 in Fighting
  6730 | D:9      | Reached skill level 10 in Unarmed Combat
  7359 | D:10     | Entered Level 10 of the Dungeon
  7391 | D:10     | Reached skill level 7 in Dodging
  7400 | D:10     | Reached skill level 1 in Evocations
  7473 | D:10     | Reached **** piety under the Shining One
  7495 | D:10     | Noticed a hill giant
  7505 | D:10     | Killed a hill giant
  7505 | D:10     | Reached XP level 10. HP: 77/90 MP: 11/11
  7534 | D:10     | Reached skill level 2 in Evocations
  7556 | D:10     | Found a staircase to the Orcish Mines.
  7620 | D:10     | Reached skill level 9 in Fighting
  7620 | D:10     | Reached skill level 11 in Unarmed Combat
  7637 | D:10     | HP: 14/91 [orc warrior/short sword (9)]
  7642 | D:10     | HP: 17/91 [poisoned by a gnoll sergeant]
  7747 | D:10     | Reached skill level 3 in Evocations
  7768 | D:10     | Noticed a hill giant
  7786 | D:10     | Killed a hill giant
  7864 | D:10     | Noticed Harold
  7886 | D:10     | Killed Harold
  8003 | D:10     | Learned a level 7 spell: Dragon Form
  8031 | D:10     | Reached skill level 1 in Transmutations
  8086 | D:10     | Reached skill level 2 in Transmutations
  8262 | D:6      | Reached skill level 3 in Transmutations
  8266 | D:6      | Bought a book of Changes for 350 gold pieces
  8342 | D:6      | Found a white marble altar of Elyvilon.
  8760 | D:9      | Reached skill level 4 in Transmutations
  8775 | D:10     | Found Yshoj's Antique Weapon Shoppe.
  8784 | D:10     | Reached skill level 1 in Spellcasting
  8795 | D:10     | Reached XP level 11. HP: 97/97 MP: 13/13
  9040 | D:10     | Reached skill level 2 in Spellcasting
  9237 | D:11     | Noticed Scytalen's ghost (journeyman DrFE)
  9275 | D:11     | HP: 18/97 [Scytalen's ghost/flame tongue (13)]
  9286 | D:11     | HP: 13/97 [Scytalen's ghost/bolt of negative energy (12)]
  9294 | D:11     | HP: 12/97 [Scytalen's ghost/bolt of negative energy (6)]
  9485 | D:11     | Found a basalt altar of Yredelemnul.
  9583 | D:10     | Reached skill level 5 in Transmutations
  9586 | D:10     | Noticed a hill giant
  9598 | D:10     | Killed a hill giant
  9671 | D:10     | Reached skill level 3 in Spellcasting
  9766 | D:11     | Found a staircase to the Lair.
  9793 | D:11     | Learned a level 1 spell: Beastly Appendage
 10035 | D:11     | Reached ***** piety under the Shining One
 10044 | D:11     | Reached skill level 6 in Transmutations
 10054 | D:11     | Learned a level 5 spell: Blade Hands
 10080 | D:11     | Reached skill level 4 in Spellcasting
 10632 | D:11     | Killed Scytalen's ghost
 10632 | D:11     | Reached skill level 5 in Spellcasting
 10632 | D:11     | Reached skill level 7 in Transmutations
 10979 | Lair:1   | Entered Level 1 of the Lair of Beasts
 11258 | Lair:1   | Reached skill level 8 in Transmutations
 11406 | Lair:1   | Learned a level 1 spell: Beastly Appendage
 11710 | Lair:1   | Reached skill level 9 in Transmutations
 11714 | Lair:1   | Reached XP level 12. HP: 87/105 MP: 20/20
 11987 | Lair:1   | Noticed crawlian's ghost (novice DEEE)
 11992 | Lair:1   | Killed crawlian's ghost
 11992 | Lair:1   | Reached skill level 10 in Transmutations
 12711 | Lair:2   | Noticed a seven-headed hydra
 12720 | Lair:2   | HP: 14/105 [seven-headed hydra (16)]
 12722 | Lair:2   | Killed a seven-headed hydra
 12722 | Lair:2   | Reached skill level 8 in Dodging
 13286 | Lair:3   | Found a hole to the Spider Nest.
 13410 | Lair:3   | Reached skill level 11 in Transmutations
 13529 | Lair:3   | Reached skill level 10 in Fighting
 13608 | Lair:3   | Noticed a six-headed hydra
 13624 | Lair:3   | Killed a six-headed hydra
 13624 | Lair:3   | Reached skill level 12 in Unarmed Combat
 13786 | Lair:3   | Found a dark tunnel.
 13796 | Volcano  | Entered a volcano
 14062 | Lair:3   | HP: 21/106 [yak (17)]
 14926 | Lair:4   | Found a staircase to the Shoals.
 14943 | Lair:4   | Reached XP level 13. HP: 88/114 MP: 17/21
 14954 | Lair:4   | Reached skill level 9 in Dodging
 16251 | Lair:5   | Reached skill level 12 in Transmutations
 17107 | Lair:5   | Noticed Snorg
 17119 | Lair:5   | Killed Snorg
 17422 | Lair:6   | Reached skill level 6 in Spellcasting
 17452 | Lair:6   | Noticed Nessos
 17670 | Lair:6   | Reached skill level 13 in Unarmed Combat
 17960 | Lair:6   | Reached skill level 10 in Dodging
 18045 | Lair:7   | Got a crystal glaive
 18413 | Lair:7   | Found a white marble altar of Elyvilon.
 18746 | Lair:8   | Entered Level 8 of the Lair of Beasts
 18966 | Lair:8   | Reached skill level 7 in Spellcasting
 19110 | Lair:8   | Reached XP level 14. HP: 122/122 MP: 20/24
 19593 | Lair:8   | Got a warped turquoise ring
 19596 | Lair:8   | Got a bound zirconium amulet
 19597 | Lair:8   | Identified the amulet of the Present {*Drain +Rage rC+ MR+ Int+4} (You found it on level 8 of the Lair of Beasts)
 19598 | Lair:8   | Identified the ring "Xuonai" {rC++ Int-2 Slay+3 Stlth+} (You found it on level 8 of the Lair of Beasts)
 19902 | Lair:8   | Reached skill level 13 in Transmutations
 20015 | Lair:8   | Found a staircase to the Slime Pits.
 20290 | Lair:8   | HP: 29/122 [acid (6)]
 20756 | Lair:8   | Reached skill level 8 in Spellcasting
 20758 | Lair:8   | Reached skill level 11 in Dodging
 21003 | Slime:1  | Entered Level 1 of the Pits of Slime
 21020 | Slime:1  | HP: 29/120 [death ooze (24)]
 21022 | Slime:1  | Mangled by a death ooze

Vault maps used:
D:1:      onia_arrival_mini_spirals, minmay_misc_feat_secret_circle
D:2:      old_standard_altar, serial_forest, infiniplex_forest_end_1,
          infiniplex_forest_clump_small, infiniplex_forest_end_3,
          infiniplex_forest_end_1, infiniplex_forest_straight_5,
          infiniplex_forest_lined_corner, infiniplex_forest_straight_2,
          minivault_26, minmay_misc_feat_plants, kennysheep_generic_room_14
D:3:      kennysheep_vampire_church, gup_sewer_entry_bubbles,
          grunt_ministairs_13
D:4:      overflow_temple_1_default, chei_slow_surprise, uniq_sigmund
D:5:      tso_metal_star, first_bread
D:6:      lemuel_round_altar, serial_shops, kennysheep_mini, uniq_blork_the_orc
D:7:      grunt_temple_overflow_gold_and_silver,
          minmay_temple_entry_butterflies, lightli_bailey_entry_fortress,
          minivault_4
D:8:      gammafunk_temple_overflow_elements, overflow_temple_1_default,
          hangedman_tree_tricks
D:9:      nicolae_zen_rock_garden, minmay_misc_feat_hallway, disabler_island
D:10:     kennysheep_orc_monster_closet_entryway, serial_shops, shop,
          uniq_harold
D:11:     minmay_lair_entry_grove, basic_altar, kennysheep_doodads,
          nrook_guardian_serpent_double
Temple:   roderic_octagonal_lattice_temple
Lair:1:   beast_lair_carwin_3
Lair:2:   nicolae_quartered_pool_little, serial_bayou_shore_b
Lair:3:   spider_nest_entry_a, nicolae_volcano_entry_batcave
Lair:4:   boulder_dual_corridor_run, elwin_shoals_entry_rooms, special_room,
          serial_bayou_shore_a
Lair:5:   forest_entry_grove, uniq_snorg
Lair:6:   grunt_megastairs_2, uniq_nessos
Lair:7:   basic_altar, beast_lair_carwin_7, grunt_megastairs_1
Lair:8:   minmay_lair_end_enchanted_forest, minmay_slime_entry_oklob_open,
          patterned_corridor, infiniplex_staircase_pool_2
Slime:1:  cheibrodos_slime_lost_civilization_5
Sewer:    sewer_frog_island_02
Bailey:   bailey_polearm_5, bailey
Volcano:  volcano_overflow

Action                   |  1- 3 |  4- 6 |  7- 9 | 10-12 | 13-15 || total
-------------------------+-------+-------+-------+-------+-------++-------
Melee: Unarmed           |   135 |   376 |   412 |   893 |   541 ||  2357
       Staff             |       |       |       |       |    25 ||    25
Throw: Throwing net      |       |       |       |     1 |     3 ||     4
 Cast: Beastly Appendage |       |       |       |     6 |     6 ||    12
       Blade Hands       |       |       |       |    19 |    61 ||    80
Invok: Divine Shield     |       |       |       |     3 |     6 ||     9
 Abil: Breathe Sticky Fl |       |       |    16 |    27 |     1 ||    44
       End Transformatio |       |       |       |       |     1 ||     1
Evoke: Deck              |       |       |       |     2 |       ||     2
       Wand              |       |       |       |       |    10 ||    10
  Use: Scroll            |     2 |     2 |     7 |    20 |     7 ||    38
       Potion            |       |       |     1 |     7 |     2 ||    10
 Stab: Sleeping          |     4 |     2 |     2 |       |       ||     8
       Distracted        |     2 |       |       |       |       ||     2
       Held in net/web   |       |       |       |       |     2 ||     2
  Eat: Chunk             |     2 |     5 |    13 |    35 |    33 ||    88
       Bread ration      |       |       |     1 |       |       ||     1
       Royal jelly       |       |       |       |     2 |       ||     2
       Fruit             |       |       |       |     1 |     1 ||     2
       Meat ration       |       |       |       |       |     1 ||     1

Vault maps used:
D:1:      onia_arrival_mini_spirals, minmay_misc_feat_secret_circle
D:2:      old_standard_altar, serial_forest, infiniplex_forest_end_1,
          infiniplex_forest_clump_small, infiniplex_forest_end_3,
          infiniplex_forest_end_1, infiniplex_forest_straight_5,
          infiniplex_forest_lined_corner, infiniplex_forest_straight_2,
          minivault_26, minmay_misc_feat_plants, kennysheep_generic_room_14
D:3:      kennysheep_vampire_church, gup_sewer_entry_bubbles,
          grunt_ministairs_13
D:4:      overflow_temple_1_default, chei_slow_surprise, uniq_sigmund
D:5:      tso_metal_star, first_bread
D:6:      lemuel_round_altar, serial_shops, kennysheep_mini, uniq_blork_the_orc
D:7:      grunt_temple_overflow_gold_and_silver,
          minmay_temple_entry_butterflies, lightli_bailey_entry_fortress,
          minivault_4
D:8:      gammafunk_temple_overflow_elements, overflow_temple_1_default,
          hangedman_tree_tricks
D:9:      nicolae_zen_rock_garden, minmay_misc_feat_hallway, disabler_island
D:10:     kennysheep_orc_monster_closet_entryway, serial_shops, shop,
          uniq_harold
D:11:     minmay_lair_entry_grove, basic_altar, kennysheep_doodads,
          nrook_guardian_serpent_double
Temple:   roderic_octagonal_lattice_temple
Lair:1:   beast_lair_carwin_3
Lair:2:   nicolae_quartered_pool_little, serial_bayou_shore_b
Lair:3:   spider_nest_entry_a, nicolae_volcano_entry_batcave
Lair:4:   boulder_dual_corridor_run, elwin_shoals_entry_rooms, special_room,
          serial_bayou_shore_a
Lair:5:   forest_entry_grove, uniq_snorg
Lair:6:   grunt_megastairs_2, uniq_nessos
Lair:7:   basic_altar, beast_lair_carwin_7, grunt_megastairs_1
Lair:8:   minmay_lair_end_enchanted_forest, minmay_slime_entry_oklob_open,
          patterned_corridor, infiniplex_staircase_pool_2
Slime:1:  cheibrodos_slime_lost_civilization_5
Sewer:    sewer_frog_island_02
Bailey:   bailey_polearm_5, bailey
Volcano:  volcano_overflow

Table legend:
 A = Turns spent in this place as a percentage of turns spent in the entire game.
 B = Non-inter-level travel turns spent in this place as a percentage of non-inter-level travel turns spent in the entire game.
 C = Inter-level travel turns spent in this place as a percentage of turns spent in this place.
 D = Turns resting spent in this place as a percentage of non-inter-level travel turns spent in this place.
 E = Turns spent auto-exploring this place as a percentage of non-inter-level travel turns spent in this place.
 F = Non-inter-level travel turns spent in this place divided by the number of levels of this place that you've seen.
                   A       B       C       D       E      F
               +-------+-------+-------+-------+-------+----------------------
         Total | 100.0 | 100.0 |   0.6 |   2.8 |   9.4 | 263.6
       Dungeon |  47.8 |  47.7 |   0.8 |   2.5 |  10.9 | 274.5
        Temple |   0.2 |   0.2 |   7.1 |   0.0 |  84.6 |  13.0
          Lair |  44.0 |  44.1 |   0.5 |   3.5 |   8.0 | 348.6
    Slime Pits |   0.3 |   0.3 |   0.0 |   0.0 |   0.0 |  20.0
         Sewer |   5.9 |   5.9 |   0.0 |   0.0 |   6.1 | 375.0
        Bailey |   0.8 |   0.8 |   0.0 |   0.0 |   2.0 |  51.0
       Volcano |   0.9 |   0.9 |   0.0 |   3.4 |  20.3 |  59.0
               +-------+-------+-------+-------+-------+----------------------

Table legend:
 A = Kills in this place as a percentage of kills in entire the game.
 B = Kills by you in this place as a percentage of kills by you in the entire game.
 C = Kills by friends in this place as a percentage of kills by friends in the entire game.
 D = Other kills in this place as a percentage of other kills in the entire game.
 E = Experience gained in this place as a percentage of experience gained in the entire game.
 F = Experience gained in this place divided by the number of levels of this place that you have seen.
                   A       B       C       D       E      F
               +-------+-------+-------+-------+-------+----------------------
         Total | 100.0 | 100.0 |  -nan |  -nan | 100.0 | 3427.0
       Dungeon |  44.9 |  44.9 |  -nan |  -nan |  21.3 | 1589.2
          Lair |  46.6 |  46.6 |  -nan |  -nan |  76.0 | 7813.0
    Slime Pits |   0.6 |   0.6 |  -nan |  -nan |   1.2 | 956.0
         Sewer |   7.0 |   7.0 |  -nan |  -nan |   0.3 | 287.0
        Bailey |   0.3 |   0.3 |  -nan |  -nan |   0.0 |   6.0
       Volcano |   0.6 |   0.6 |  -nan |  -nan |   1.2 | 1013.0
               +-------+-------+-------+-------+-------+----------------------
